 Dungeon Crawl Stone Soup version 0.31-a0-142-g31f6795574 (webtiles) character file.

Game seed: 15042333481182953601

19 hikkokomori the Conjurer (level 2, -1/24 HPs)
             Began as a Demigod Reaver on June 4, 2023.
             Frozen to death by an endoplasm (5 damage)
             ... on level 1 of the Dungeon.
             The game lasted 00:00:51 (288 turns).

hikkokomori the Conjurer (Demigod Reaver)            Turns: 288, Time: 00:00:51

Health: -1/24      AC:  3    Str: 13    XL:     2   Next: 39%
Magic:  7/7        EV: 11    Int: 15    God:
Gold:   23         SH:  0    Dex: 12    Spells: 4/5 levels left

rFire   . . .        a - +0 hand axe
rCold   . . .        (no shield)
rNeg    . . .        b - +0 leather armour
rPois   .            (no helmet)
rElec   .            (no cloak)
rCorr   .            (no gloves)
SInv    .            (no boots)
Will    .....        (no amulet)
Stlth   +            (no ring)
HPRegen 0.24/turn    (no ring)
MPRegen 0.10/turn

%: no passive effects
@: hasted, very quick
A: high MP 1, forlorn, divine attributes
a: no special abilities


You were on level 1 of the Dungeon.
You visited 1 branch of the dungeon, and saw 1 of its levels.

You collected 23 gold pieces.

Inventory:

Hand Weapons
 a - a +0 hand axe (weapon)
Missiles
 e - a throwing net
Armour
 b - a +0 leather armour (worn)
Scrolls
 d - a scroll of enchant armour {unknown}


   Skills:
 + Level 2.0 Fighting
 + Level 2.9 Axes
 - Level 1.7 Dodging
 + Level 0.7 Stealth
 + Level 2.0 Spellcasting
 + Level 2.9 Conjurations


You had 4 spell levels left.
You knew the following spells:

 Your Spells              Type           Power      Damage    Failure   Level
a - Kiss of Death         Conj/Necr      20%        2d7       16%         1

Your spell library contained the following spells:

 Spells                   Type           Power      Damage    Failure   Level
 Momentum Strike          Conj/Tloc      10%        3d8       24%         2
 Hailstorm                Conj/Ice       5%         3d4       43%         3


Dungeon Overview and Level Annotations

Branches:
Dungeon (1/15)


Innate Abilities, Weirdness & Mutations

You have an increased reservoir of magic. (+10% MP)
You shall have no god before yourself.
Your divine heritage dramatically boosts your attributes as you level up.


Message History

The jackal is heavily wounded.
The jackal closely misses you. The jackal misses you.
You hit the jackal.
You kill the jackal!
The jackal bites you.
You barely miss the jackal. The jackal bites you.
The jackal bites you but does no damage.
You hit the jackal but do no damage. You barely miss the jackal.
The jackal bites you.
* * * LOW HITPOINT WARNING * * *
The jackal bites you.
* * * LOW HITPOINT WARNING * * *
The jackal bites you.
* * * LOW HITPOINT WARNING * * *
It was a potion of haste.
You feel yourself speed up.
The jackal bites you but does no damage.
The jackal barely misses you. The jackal completely misses you.
You hit the jackal but do no damage. You hit the jackal.
The jackal barely misses you. The jackal closely misses you.
Unknown command.
You hit the jackal but do no damage. You barely miss the jackal.
The jackal misses you. The jackal closely misses you.
Unknown command.
You hit the jackal.
The jackal is moderately wounded.
You hit the jackal but do no damage. The jackal closely misses you.
The jackal barely misses you.
Unknown command.
You hit the jackal.
The jackal is almost dead.
You hit the jackal.
You kill the jackal!
The jackal misses you.
Unknown command.
You hit the jackal.
You kill the jackal!
You hit the endoplasm. The endoplasm freezes you.
You are frozen.
You die...

$.............#
..b...........######
...................#
..............####.#
...............#
...............#
........#r##...#
.......J#J##...#
........#@######
.....)..#.#
........#..
............
...########## #.[


You could see an endoplasm and a rat.

Vanquished Creatures
  A bat (D:1)
  An endoplasm (D:1)
  A giant cockroach (D:1)
  2 goblins (D:1)
  A hobgoblin (D:1)
  4 jackals (D:1)
  A quokka (D:1)
  2 ball pythons (D:1)
  2 kobolds (D:1)
  4 rats (D:1)
19 creatures vanquished.

Notes
Turn   | Place    | Note
-------+----------+-------------------------------------------
     0 | D:1      | hikkokomori the Demigod Reaver began the quest for the Orb.
     0 | D:1      | Reached XP level 1. HP: 17/17 MP: 5/5
   163 | D:1      | Reached XP level 2. HP: 9/24 MP: 7/7
   288 | D:1      | Frozen to death by an endoplasm

Illustrated notes

Levels and vault maps discovered:
D:1:      enne_arrival_octagon_isle, layout_basic, serial_bayou_pond_e

Skill      XL: |  1  2 |
---------------+-------+-----
Fighting       | 2 |  2.0
Spellcasting   | 2 |  2.0
Axes           | |  2.9
Dodging        | |  1.7
Stealth        | |  0.7
Conjurations   | |  2.9

Action                     || total
---------------------------++-------
  Melee: Hand axe          ||    55
    Use: Potion            ||     1
 Armour: Leather armour    ||    16
  Dodge: Dodged            ||    35

Table legend: (Time is in decaauts)
 A = Elapsed time spent in this place.
 B = Non-inter-level travel time spent in this place.
 C = Inter-level travel time spent in this place.
 D = Time resting spent in this place.
 E = Time spent auto-exploring this place.
 F = Levels seen in this place.
 G = Mean time per level.
                   A        B        C        D        E       F      G
               +--------+--------+--------+--------+--------+-----+--------+
         Total |    295 |    295 |      0 |     59 |    126 |   1 |  295.0 |
       Dungeon |    295 |    295 |      0 |     59 |    126 |   1 |  295.0 |
               +--------+--------+--------+--------+--------+-----+--------+

Top non-repeatable levels by time:
     D:1: 295 daAuts
